[Event "Kragero Resort ELO 2024"]
[Site "Kragero"]
[Date "2024.02.24"]
[Round "8.13"]
[White "Nordahl, Frederik"]
[Black "Jahr, Even"]
[Result "0-1"]
[ECO "B28"]
[WhiteElo "1396"]
[BlackElo "1689"]
[Annotator "NA RC"]
[PlyCount "54"]
[EventDate "2024.02.21"]
[EventType "swiss"]
[EventCountry "NOR"]
[SourceTitle "playchess.com"]
[Source "ChessBase"]
[SourceQuality "1"]
[TimeControl "5400+30"]

1. e4 c5 2. Nf3 a6 3. d4 cxd4 4. Nxd4 Nf6 5. Nc3 e5 6. Nf3 Bb4 7. Bd3 O-O 8. O-O Bxc3 9. bxc3 Nc6 10. Ba3 Re8 11. Nd2 d5 12. f3 Qa5 13. Bb2 Qb6+ 14. Kh1 Qxb2 15. exd5 Nxd5 16. Nc4 Qxc3 17. Nd6 Rd8 18. Ne4 Qa5 19. f4 Nxf4 20. g3 Nxd3 21. Qh5 Be6 22. cxd3 Rf8 23. Rf6 Bd5 24. Qf3 Bxe4 25. dxe4 Qd8 26. Rf5 Nd4 27. Qg4 Nxf5 0-1

[Event "Kragero Resort ELO 2024"]
[Site "Kragero"]
[Date "2024.02.24"]
[Round "8.14"]
[White "Kopperud, Vidar Aleksander"]
[Black "Hoifodt, Jakob Salen"]
[Result "1/2-1/2"]
[ECO "D55"]
[WhiteElo "1642"]
[BlackElo "1373"]
[Annotator "NA RC"]
[PlyCount "33"]
[EventDate "2024.02.21"]
[EventType "swiss"]
[EventCountry "NOR"]
[SourceTitle "playchess.com"]
[Source "ChessBase"]
[SourceQuality "1"]
[TimeControl "5400+30"]

1. d4 d5 2. c4 e6 3. Nc3 Nf6 4. Bg5 Be7 5. e3 O-O 6. Nf3 b6 7. Rc1 Bb7 8. cxd5 exd5 9. Bd3 c5 10. O-O Nbd7 11. Re1 Ne4 12. Bxe7 Qxe7 13. Nd2 Nxd2 14. Qxd2 Nf6 15. Ne2 Rac8 16. Ng3 Ne4 17. Bxe4 1/2-1/2

[Event "Kragero Resort ELO 2024"]
[Site "Kragero"]
[Date "2024.02.24"]
[Round "8.15"]
[White "Syreng, Gard Alexander Bye"]
[Black "Sathish, Githiha"]
[Result "0-1"]
[ECO "D46"]
[WhiteElo "1244"]
[BlackElo "1332"]
[Annotator "NA RC"]
[PlyCount "111"]
[EventDate "2024.02.21"]
[EventType "swiss"]
[EventCountry "NOR"]
[SourceTitle "playchess.com"]
[Source "ChessBase"]
[SourceQuality "1"]
[TimeControl "5400+30"]

1. d4 d5 2. c4 c6 3. Nf3 Nf6 4. Nc3 e6 5. e3 Bd6 6. Bd3 Nbd7 7. O-O O-O 8. Qc2 dxc4 9. Bxc4 c5 10. Bd3 cxd4 11. exd4 h6 12. Bd2 a6 13. Qc1 Re8 14. Bxh6 gxh6 15. Qxh6 Bf8 16. Qh4 Bg7 17. Ng5 Nf8 18. Rfe1 e5 19. Bc4 Be6 20. Nxe6 Nxe6 21. dxe5 Nh7 22. Qxd8 Rexd8 23. Bxe6 fxe6 24. f4 Rf8 25. g3 Rad8 26. Red1 b5 27. Ne4 Rfe8 28. Rd6 Ra8 29. Rc1 Kf7 30. Rd7+ Re7 31. Rxe7+ Kxe7 32. Rc7+ Kf8 33. h4 Kg8 34. g4 Rf8 35. Nc5 Rxf4 36. Rc8+ Nf8 37. Nxe6 Rxg4+ 38. Kf2 Rxh4 39. Kg3 Ra4 40. Nxg7 Kxg7 41. a3 Ne6 42. Rc6 Kf7 43. Kf2 Nd4 44. Rf6+ Ke7 45. Rf4 Ke6 46. Re4 Kd5 47. e6 Nxe6 48. Re3 Nc5 49. b4 Ne6 50. Ke2 Nd4+ 51. Kd2 Nc6 52. Rd3+ Ke6 53. Rc3 Ne5 54. Kc2 Nc4 55. Rxc4 bxc4 56. Kc3 0-1

[Event "Kragero Resort ELO 2024"]
[Site "Kragero"]
[Date "2024.02.24"]
[Round "8.16"]
[White "Nordahl, Christine"]
[Black "Bollestad, Leiv Ove"]
[Result "1-0"]
[ECO "D53"]
[WhiteElo "1333"]
[BlackElo "1371"]
[Annotator "NA"]
[PlyCount "107"]
[EventDate "2024.02.21"]
[EventType "swiss"]
[EventCountry "NOR"]
[SourceTitle "playchess.com"]
[Source "ChessBase"]
[SourceQuality "1"]
[TimeControl "5400+30"]

1. d4 d5 2. c4 e6 3. Nc3 Nf6 4. Bg5 Be7 5. e3 b6 6. Rc1 Bb7 7. cxd5 Nxd5 8. Nxd5 Bxd5 9. Bxe7 Qxe7 10. Nf3 Bxa2 11. b3 Qb4+ 12. Nd2 Bxb3 13. Qxb3 Qxb3 14. Nxb3 c6 15. g3 a5 16. Bg2 a4 17. Nd2 Kd7 18. Nc4 Kc7 19. Ne5 a3 20. Nxc6 Nxc6 21. Rxc6+ Kd7 22. O-O Rab8 23. Ra1 b5 24. Rxa3 b4 25. Ra7+ Kd8 26. Rcc7 b3 27. Rab7 b2 28. Rxb8+ Kxc7 29. Rxb2 Rf8 30. Rb7+ Kd6 31. e4 e5 32. d5 g6 33. Rb6+ Kc7 34. Rf6 Kd7 35. d6 h5 36. Bh3+ Kd8 37. d7 g5 38. Rd6 g4 39. Bf1 Ke7 40. Rd5 Ra8 41. Rxe5+ Kxd7 42. Rxh5 Ke6 43. Rg5 f5 44. exf5+ Kf6 45. Rxg4 Kxf5 46. Rf4+ Kg5 47. h4+ Kg6 48. Bd3+ Kh6 49. f3 Ra2 50. g4 Rd2 51. Be4 Rd1+ 52. Kf2 Rd2+ 53. Ke3 Rh2 54. Rf7 1-0

[Event "Kragero Resort ELO 2024"]
[Site "Kragero"]
[Date "2024.02.24"]
[Round "8.17"]
[White "Elseth, Florian"]
[Black "Lorentzen, Jan Ove"]
[Result "0-1"]
[ECO "A56"]
[WhiteElo "1513"]
[BlackElo "1479"]
[Annotator "NA"]
[PlyCount "96"]
[EventDate "2024.02.21"]
[EventType "swiss"]
[EventCountry "NOR"]
[SourceTitle "playchess.com"]
[Source "ChessBase"]
[SourceQuality "1"]
[TimeControl "5400+30"]

1. d4 Nf6 2. c4 c5 3. d5 d6 4. Nc3 Bf5 5. Nf3 h6 6. e3 g5 7. Bd3 Bxd3 8. Qxd3 Qd7 9. b3 Bg7 10. Bb2 Qg4 11. Rg1 Nbd7 12. h3 Qh5 13. Ne2 Nf8 14. Ng3 Qg6 15. Qxg6 Nxg6 16. O-O-O O-O 17. Nf5 Rfe8 18. Bxf6 Bxf6 19. Nxh6+ Kg7 20. Nf5+ Kh7 21. h4 gxh4 22. N3xh4 Rh8 23. Rh1 a6 24. Nxg6+ Kxg6 25. g4 b5 26. f4 b4 27. Ng3 a5 28. Ne4 Rxh1 29. f5+ Kg7 30. Rxh1 Be5 31. g5 a4 32. bxa4 Rxa4 33. f6+ exf6 34. gxf6+ Kg6 35. Kb1 Kf5 36. Rh4 Ra3 37. Nf2 Rxe3 38. Rh7 Re1+ 39. Kc2 Re2+ 40. Kd1 Rxf2 41. Rxf7 Bxf6 42. Rd7 Ke5 43. Ra7 Kd4 44. Ra6 Be5 45. Ra7 Kxc4 46. Ra6 Kxd5 47. Ra5 Kd4 48. Ke1 Rh2 0-1

[Event "Kragero Resort ELO 2024"]
[Site "Kragero"]
[Date "2024.02.24"]
[Round "8.18"]
[White "Jorgensen, Catherine"]
[Black "Hagen, Bjorn Stian"]
[Result "0-1"]
[ECO "E01"]
[WhiteElo "1351"]
[BlackElo "1278"]
[Annotator "NA RC"]
[PlyCount "90"]
[EventDate "2024.02.21"]
[EventType "swiss"]
[EventCountry "NOR"]
[SourceTitle "playchess.com"]
[Source "ChessBase"]
[SourceQuality "1"]
[TimeControl "5400+30"]

1. d4 Nf6 2. c4 e6 3. g3 d5 4. Bg2 h6 5. Nf3 Bd6 6. Nc3 b6 7. cxd5 exd5 8. O-O Bb7 9. Nb5 Be7 10. Bf4 Bd6 11. Nxd6+ cxd6 12. Rc1 O-O 13. Nh4 g5 14. Bxg5 hxg5 15. Nf3 Nh7 16. Re1 Bc8 17. h4 g4 18. Nh2 Be6 19. e3 f5 20. f3 Nd7 21. fxg4 fxg4 22. Nxg4 Ndf6 23. Nf2 Kh8 24. Bf3 Qd7 25. Rc2 Rg8 26. Kh2 Ng4+ 27. Nxg4 Bxg4 28. Bxg4 Rxg4 29. Rg1 Rag8 30. Rcg2 Nf6 31. Qf3 Ne4 32. a3 Qg7 33. a4 a5 34. b3 Qg6 35. Rf1 Rg7 36. Qf8+ Kh7 37. Qf5 Qxf5 38. Rxf5 Nxg3 39. Rxg3 Rxg3 40. Rf2 Rxe3 41. Rb2 Rgg3 42. b4 axb4 43. Rxb4 Rb3 44. Rb5 Rxb5 45. Kxg3 Rb4 0-1

[Event "Kragero Resort ELO 2024"]
[Site "Kragero"]
[Date "2024.02.24"]
[Round "8.19"]
[White "Halvorsen, Frode"]
[Black "Linkjendal, Sondre Olsen"]
[Result "0-1"]
[ECO "C67"]
[WhiteElo "1385"]
[BlackElo "1373"]
[Annotator "NA RC"]
[PlyCount "61"]
[EventDate "2024.02.21"]
[EventType "swiss"]
[EventCountry "NOR"]
[SourceTitle "playchess.com"]
[Source "ChessBase"]
[SourceQuality "1"]
[TimeControl "5400+30"]

1. e4 e5 2. Nf3 Nc6 3. Bb5 Nf6 4. O-O Nxe4 5. Re1 Nd6 6. Nxe5 Nxe5 7. Rxe5+ Be7 8. Ba4 O-O 9. d3 Bf6 10. Re1 Re8 11. c3 c6 12. Bf4 Nf5 13. Nd2 d5 14. d4 Be6 15. Nf3 Nd6 16. Bc2 Qd7 17. h3 h6 18. b3 Bf5 19. Ne5 Qe6 20. Qd2 Bxc2 21. Qxc2 Bxe5 22. Rxe5 Qf6 23. Bg3 Ne4 24. Re1 Rxe5 25. Bxe5 Qg5 26. f3 Ng3 27. Bxg3 Qxg3 28. Re7 Rb8 29. Rd7 Qe1+ 30. Kh2 Qe6 31. Rxf7 0-1

[Event "Kragero Resort ELO 2024"]
[Site "Kragero"]
[Date "2024.02.24"]
[Round "8.20"]
[White "Nguyen, Tyson Quang Hy"]
[Black "Kristiansen, David"]
[Result "1-0"]
[ECO "B13"]
[WhiteElo "1267"]
[BlackElo "1407"]
[Annotator "NA"]
[PlyCount "119"]
[EventDate "2024.02.21"]
[EventType "swiss"]
[EventCountry "NOR"]
[SourceTitle "playchess.com"]
[Source "ChessBase"]
[SourceQuality "1"]
[TimeControl "5400+30"]

1. e4 c6 2. d4 d5 3. exd5 cxd5 4. Bd3 Nf6 5. Nf3 Bg4 6. Bg5 Nc6 7. c3 e6 8. Nbd2 Be7 9. Qc2 h6 10. Bf4 Rc8 11. O-O O-O 12. a3 Nh5 13. Bg3 Nxg3 14. fxg3 Bf6 15. Qb1 e5 16. dxe5 Nxe5 17. Nxe5 Bxe5 18. Bf5 Bxf5 19. Qxf5 Bf6 20. Nf3 Qb6+ 21. Rf2 Rfe8 22. Nd4 Bxd4 23. Qxf7+ Kh8 24. cxd4 Qxd4 25. Qd7 Rf8 26. Raf1 Rc2 27. Kh1 Rfxf2 28. Re1 Rxg2 29. Re8+ Kh7 30. Qf5+ g6 31. Re7+ Qg7 32. Rxg7+ Kxg7 33. Qe5+ Kf7 34. Qxd5+ Kf6 35. Qd4+ Kf5 36. Qd5+ Kf6 37. Qf3+ Ke5 38. Qf4+ Kd5 39. Qf7+ Kd4 40. Qd7+ Kc4 41. Qa4+ Kd3 42. Qb3+ Kd2 43. Kxg2 Kc1+ 44. Kh3 Rxb2 45. Qe3+ Kb1 46. Qxh6 Rb6 47. Qe3 Ka2 48. a4 Ra6 49. Qe4 g5 50. Qxb7 Rxa4 51. Qd5+ Kb2 52. Qxg5 a5 53. Qe5+ Kb3 54. Qb5+ Ka3 55. g4 Rb4 56. Qxa5+ Kb3 57. Qxb4+ Kxb4 58. g5 Kc5 59. g6 Kd5 60. g7 1-0

[Event "Kragero Resort ELO 2024"]
[Site "Kragero"]
[Date "2024.02.24"]
[Round "8.22"]
[White "Robertsen, Nikolas"]
[Black "Sorensen, Vidar Busch"]
[Result "0-1"]
[ECO "A48"]
[WhiteElo "1236"]
[BlackElo "1313"]
[Annotator "NA RC"]
[PlyCount "64"]
[EventDate "2024.02.21"]
[EventType "swiss"]
[EventCountry "NOR"]
[SourceTitle "playchess.com"]
[Source "ChessBase"]
[SourceQuality "1"]
[TimeControl "5400+30"]

1. d4 Nf6 2. Bf4 d6 3. Nf3 g6 4. e3 Bg7 5. Nc3 c6 6. Bd3 O-O 7. O-O Nh5 8. Bg3 Nxg3 9. fxg3 Nd7 10. Qd2 Bh6 11. Ne2 Nf6 12. Rf2 Ng4 13. Rff1 Bxe3+ 14. Qxe3 Nxe3 15. Rf2 a5 16. h3 b5 17. Re1 Nd5 18. a3 Ba6 19. Ref1 b4 20. Bxa6 Rxa6 21. axb4 Nxb4 22. c3 Nd3 23. Nf4 Nxf2 24. Rxf2 Rb6 25. Ng5 Qd7 26. d5 cxd5 27. Nxd5 Rb7 28. Ne4 Qe6 29. Rf4 Qxd5 30. Rf6 Qxe4 31. Rf1 Rxb2 32. c4 Qxg2# 0-1

[Event "Kragero Resort ELO 2024"]
[Site "Kragero"]
[Date "2024.02.24"]
[Round "8.24"]
[White "Holten, Terje"]
[Black "Andersen, Lars Loberg"]
[Result "1/2-1/2"]
[ECO "D25"]
[WhiteElo "1313"]
[BlackElo "1429"]
[Annotator "NA RC"]
[PlyCount "106"]
[EventDate "2024.02.21"]
[EventType "swiss"]
[EventCountry "NOR"]
[SourceTitle "playchess.com"]
[Source "ChessBase"]
[SourceQuality "1"]
[TimeControl "5400+30"]

1. d4 Nf6 2. Nf3 d5 3. c4 dxc4 4. e3 b5 5. a4 c6 6. axb5 cxb5 7. Be2 Bb7 8. b3 Qc7 9. bxc4 bxc4 10. Qa4+ Nbd7 11. Qxc4 Qxc4 12. Bxc4 Rc8 13. Nbd2 Bxf3 14. gxf3 e6 15. O-O Bb4 16. Bb5 a5 17. Nb3 O-O 18. Nxa5 Ra8 19. Nb3 Rab8 20. Bxd7 Nxd7 21. Bd2 Bd6 22. Nc1 Rb2 23. Ra2 Rfb8 24. Rxb2 Rxb2 25. Ba5 Rb5 26. Bd8 Rh5 27. f4 f6 28. Ne2 e5 29. Ng3 Rh4 30. Nf5 Rg4+ 31. Kh1 Bf8 32. h3 Rg6 33. Rg1 exf4 34. exf4 Rxg1+ 35. Kxg1 g6 36. Ne3 Kf7 37. Kg2 Bd6 38. Kf3 f5 39. Nc4 Ke6 40. Nxd6 Kxd6 41. Ke3 Kd5 42. Kd3 Nf8 43. Bf6 Nd7 44. Be5 Nb6 45. h4 h5 46. Bc7 Nc4 47. Be5 Nb2+ 48. Ke3 Nd1+ 49. Ke2 Nc3+ 50. Ke3 Kc4 51. Kd2 Ne4+ 52. Ke3 Nc3 53. Kd2 Ne4+ 1/2-1/2

[Event "Kragero Resort ELO 2024"]
[Site "Kragero"]
[Date "2024.02.24"]
[Round "8.25"]
[White "Persson, Michael"]
[Black "Jullum, Hege Ibsen"]
[Result "1-0"]
[ECO "D94"]
[WhiteElo "1296"]
[BlackElo "1128"]
[Annotator "NA"]
[PlyCount "92"]
[EventDate "2024.02.21"]
[EventType "swiss"]
[EventCountry "NOR"]
[SourceTitle "playchess.com"]
[Source "ChessBase"]
[SourceQuality "1"]
[TimeControl "5400+30"]

1. d4 d5 2. c4 c6 3. Nc3 Nf6 4. e3 g6 5. Nf3 Bg7 6. cxd5 cxd5 7. Be2 O-O 8. O-O Nc6 9. a3 Re8 10. b4 Bd7 11. Bb2 a6 12. Qb3 Be6 13. Na4 b6 14. Rac1 Bd7 15. Rc2 Ne4 16. Rfc1 b5 17. Nc5 Nxc5 18. dxc5 Bf5 19. Bd3 Bxd3 20. Qxd3 e5 21. Qb3 Ra7 22. Rd2 Rd7 23. h3 d4 24. Rcd1 Bh6 25. Kf1 Qe7 26. Re2 Qd8 27. exd4 exd4 28. Rxe8+ Qxe8 29. Rd3 Qe4 30. Qd1 Bg7 31. Qe2 Qd5 32. Qd1 Qe4 33. Qe2 Qd5 34. Qd2 h6 35. Ng1 Qc4 36. Nf3 Ne5 37. Nxe5 Bxe5 38. Kg1 g5 39. Qd1 Kg7 40. g3 Qd5 41. Qe2 f6 42. Qc2 Re7 43. Qd1 Rd7 44. Qf3 Qc4 45. Qf5 Rc7 46. Qe4 Rd7 1-0

[Event "Kragero Resort ELO 2024"]
[Site "Kragero"]
[Date "2024.02.25"]
[Round "9.9"]
[White "Sathish, Githiha"]
[Black "Kveim, Ingvar Torjesen"]
[Result "1-0"]
[ECO "A45"]
[WhiteElo "1332"]
[BlackElo "1542"]
[Annotator "NA RC"]
[PlyCount "61"]
[EventDate "2024.02.21"]
[EventType "swiss"]
[EventCountry "NOR"]
[SourceTitle "playchess.com"]
[Source "ChessBase"]
[SourceQuality "1"]
[TimeControl "5400+30"]

1. d4 Nf6 2. Bg5 Ne4 3. Bf4 d5 4. e3 e6 5. Nd2 Nf6 6. Ngf3 Bd6 7. Ne5 Nbd7 8. Bd3 O-O 9. O-O Qe7 10. h3 c5 11. c3 Re8 12. Ndf3 Ne4 13. Qc2 cxd4 14. exd4 f6 15. Nxd7 Bxf4 16. Nc5 Nxc5 17. Bxh7+ Kf8 18. Nh4 Qc7 19. Ng6+ Kf7 20. Nxf4 Qxf4 21. Bg6+ Ke7 22. Bxe8 Ne4 23. Bb5 e5 24. dxe5 Be6 25. exf6+ gxf6 26. Rfe1 Rg8 27. Re3 Ng5 28. Rae1 Nf3+ 29. Rxf3 Qxf3 30. Qh7+ Kd8 31. Qxg8+ 1-0

[Event "Kragero Resort ELO 2024"]
[Site "Kragero"]
[Date "2024.02.25"]
[Round "9.10"]
[White "Johannessen, Simon T"]
[Black "Gevorgyan, Nrane"]
[Result "1-0"]
[ECO "D00"]
[WhiteElo "1484"]
[BlackElo "1268"]
[Annotator "NA"]
[PlyCount "85"]
[EventDate "2024.02.21"]
[EventType "swiss"]
[EventCountry "NOR"]
[SourceTitle "playchess.com"]
[Source "ChessBase"]
[SourceQuality "1"]
[TimeControl "5400+30"]

1. d4 d5 2. Bg5 Nf6 3. Bxf6 exf6 4. g3 Bd6 5. Bg2 c6 6. e3 O-O 7. Nd2 Bf5 8. Ngf3 Qc8 9. O-O Bh3 10. c4 dxc4 11. Nxc4 Bc7 12. Rc1 Bxg2 13. Kxg2 f5 14. Re1 Qe6 15. Qb3 Bb6 16. Rc3 Qe4 17. a4 g5 18. Ncd2 Qe7 19. Qc2 g4 20. Nh4 f4 21. Kf1 f3 22. Nf5 Qg5 23. Qe4 Nd7 24. Qxg4 Qxg4 25. Nh6+ Kg7 26. Nxg4 Ba5 27. Rc2 Nb6 28. Ra1 Bxd2 29. Rxd2 f6 30. h4 Rad8 31. Nh2 c5 32. Nxf3 cxd4 33. Nxd4 Kf7 34. Rc2 Rd7 35. a5 Nd5 36. Rd1 Re8 37. Rcd2 Red8 38. Ke1 Nb4 39. Nb5 Nc2+ 40. Ke2 Rxd2+ 41. Rxd2 Rxd2+ 42. Kxd2 Na1 43. Kc3 1-0

[Event "Kragero Resort ELO 2024"]
[Site "Kragero"]
[Date "2024.02.25"]
[Round "9.12"]
[White "Linkjendal, Sondre Olsen"]
[Black "Kopperud, Vidar Aleksander"]
[Result "1/2-1/2"]
[ECO "B22"]
[WhiteElo "1373"]
[BlackElo "1642"]
[Annotator "NA RC"]
[PlyCount "49"]
[EventDate "2024.02.21"]
[EventType "swiss"]
[EventCountry "NOR"]
[SourceTitle "playchess.com"]
[Source "ChessBase"]
[SourceQuality "1"]
[TimeControl "5400+30"]

1. e4 c5 2. d4 cxd4 3. c3 Nf6 4. e5 Nd5 5. cxd4 e6 6. Nf3 Be7 7. Bd2 O-O 8. Nc3 Nxc3 9. Bxc3 b6 10. Bd3 Bb7 11. O-O d6 12. Qe2 Nd7 13. Rfd1 Rc8 14. Rac1 Rc7 15. Be4 Bxe4 16. Qxe4 d5 17. Qg4 Qc8 18. Bd2 Rd8 19. Rc3 Rxc3 20. Bxc3 Qc4 21. Ra1 Rc8 22. Qf4 h6 23. Qe3 Nf8 24. a3 Ng6 25. Rc1 1/2-1/2

[Event "Kragero Resort ELO 2024"]
[Site "Kragero"]
[Date "2024.02.25"]
[Round "9.13"]
[White "Mortensen, Michael"]
[Black "Smedsrud, Petter"]
[Result "0-1"]
[ECO "A17"]
[WhiteElo "1330"]
[BlackElo "1580"]
[Annotator "NA RC"]
[PlyCount "128"]
[EventDate "2024.02.21"]
[EventType "swiss"]
[EventCountry "NOR"]
[SourceTitle "playchess.com"]
[Source "ChessBase"]
[SourceQuality "1"]
[TimeControl "5400+30"]

1. c4 Nf6 2. g3 e6 3. Bg2 d5 4. Nc3 Be7 5. cxd5 exd5 6. d3 c6 7. Bg5 h6 8. Bd2 O-O 9. d4 Qb6 10. Bc1 Bf5 11. Nf3 Nbd7 12. O-O Rfe8 13. Qb3 Bd6 14. Be3 Ne4 15. Rad1 Qxb3 16. axb3 Nxc3 17. bxc3 Bc2 18. Rd2 Bxb3 19. Rb2 Bc4 20. Rxb7 Nb6 21. Ra1 Bxe2 22. Raxa7 Rxa7 23. Rxa7 Nc4 24. Bd2 Bxf3 25. Bxf3 Nxd2 26. Bg4 Re7 27. Ra6 Rc7 28. Kg2 g6 29. f4 Ne4 30. Bf3 Nxc3 31. Kf2 f5 32. Be2 Nxe2 33. Kxe2 Kf7 34. Kd3 h5 35. h4 Ke6 36. Ra8 Rb7 37. Ke3 Rb3+ 38. Kf2 Rd3 39. Ra4 c5 40. dxc5 Bxc5+ 41. Kg2 Rb3 42. Ra2 d4 43. Ra6+ Rb6 44. Ra2 Kd5 45. Kf3 d3 46. Rd2 Kd4 47. Rd1 Ba3 48. Kf2 Kc3 49. Ke1 Re6+ 50. Kf2 d2 51. Rxd2 Kxd2 52. Kf3 Re2 53. g4 hxg4+ 54. Kg3 Ke3 55. h5 gxh5 56. Kh4 Kxf4 57. Kxh5 g3 58. Kh6 g2 59. Kg6 g1=Q+ 60. Kf7 Ke5 61. Ke8 Rd2 62. Kf7 Rd7+ 63. Ke8 Re7+ 64. Kf8 Qg7# 0-1

[Event "Kragero Resort ELO 2024"]
[Site "Kragero"]
[Date "2024.02.25"]
[Round "9.14"]
[White "Lorentzen, Jan Ove"]
[Black "Nordahl, Christine"]
[Result "0-1"]
[ECO "A04"]
[WhiteElo "1479"]
[BlackElo "1333"]
[Annotator "NA RC"]
[PlyCount "70"]
[EventDate "2024.02.21"]
[EventType "swiss"]
[EventCountry "NOR"]
[SourceTitle "playchess.com"]
[Source "ChessBase"]
[SourceQuality "1"]
[TimeControl "5400+30"]

1. Nf3 c5 2. b4 cxb4 3. d4 d5 4. c4 bxc3 5. Nxc3 Nf6 6. a4 Nc6 7. Bf4 a6 8. h3 Bf5 9. Nh4 Bd7 10. g4 h6 11. Nf3 e6 12. Ne5 Bb4 13. Bd2 Nxd4 14. e3 Nc6 15. Nd3 Bd6 16. Rb1 Ne7 17. Rxb7 d4 18. Rxd7 Qxd7 19. exd4 Nfd5 20. Ne4 Bc7 21. Nec5 Qc6 22. Bg2 O-O 23. O-O Qd6 24. f4 g5 25. Ne4 Qb6 26. Ndc5 gxf4 27. a5 Qb2 28. Bc1 Qa2 29. Nd7 Rfd8 30. Nef6+ Kg7 31. Qd3 Ng6 32. Nh5+ Kg8 33. Ndf6+ Kh8 34. Bxd5 exd5 35. Bxf4 Rac8 0-1

[Event "Kragero Resort ELO 2024"]
[Site "Kragero"]
[Date "2024.02.25"]
[Round "9.15"]
[White "Hagen, Bjorn Stian"]
[Black "Shehzad, Alina"]
[Result "1/2-1/2"]
[ECO "B23"]
[WhiteElo "1278"]
[BlackElo "1474"]
[Annotator "NA"]
[PlyCount "123"]
[EventDate "2024.02.21"]
[EventType "swiss"]
[EventCountry "NOR"]
[SourceTitle "playchess.com"]
[Source "ChessBase"]
[SourceQuality "1"]
[TimeControl "5400+30"]

1. e4 c5 2. Nc3 Nc6 3. f4 e6 4. Nf3 d5 5. Bb5 Nge7 6. O-O g6 7. d3 Bg7 8. Qe1 Qd6 9. Ne2 a6 10. Bxc6+ Nxc6 11. e5 Qc7 12. a4 Qb6 13. c3 d4 14. Kh1 O-O 15. Qh4 f6 16. f5 exf5 17. exf6 Rxf6 18. Bh6 Rf7 19. Ng5 Re7 20. Rae1 Qd8 21. Nf4 Bxh6 22. Qxh6 Qf8 23. Qxf8+ Kxf8 24. Rxe7 Nxe7 25. Nxh7+ Kg7 26. Ng5 dxc3 27. bxc3 Bd7 28. Re1 Re8 29. Nge6+ Kf7 30. Nxc5 Bc6 31. a5 Rc8 32. d4 Nd5 33. Nxd5 Bxd5 34. Kg1 Rh8 35. Nd7 Rd8 36. Ne5+ Kf6 37. Rb1 Rc8 38. Rb6+ Ke7 39. Nxg6+ Ke8 40. Nf4 Be4 41. Re6+ Kd7 42. h4 Rxc3 43. h5 Rg3 44. Rg6 Rg4 45. Rxg4 fxg4 46. h6 Ke7 47. Kf2 Kf6 48. Kg3 Kg5 49. Ne6+ Kxh6 50. Kxg4 Bxg2 51. Kf4 Kg6 52. Ke5 Kf7 53. Kd6 Bh1 54. Nc5 Ke8 55. Kc7 Ke7 56. Nxb7 Ke6 57. Kb6 Bf3 58. Kxa6 Kd5 59. Kb6 Be2 60. Nc5 Kxd4 61. a6 Bxa6 62. Nxa6 1/2-1/2

[Event "Kragero Resort ELO 2024"]
[Site "Kragero"]
[Date "2024.02.25"]
[Round "9.16"]
[White "Hoifodt, Jakob Salen"]
[Black "Nordahl, Frederik"]
[Result "1-0"]
[ECO "B13"]
[WhiteElo "1373"]
[BlackElo "1396"]
[Annotator "NA RC"]
[PlyCount "103"]
[EventDate "2024.02.21"]
[EventType "swiss"]
[EventCountry "NOR"]
[SourceTitle "playchess.com"]
[Source "ChessBase"]
[SourceQuality "1"]
[TimeControl "5400+30"]

1. d4 c5 2. e3 cxd4 3. exd4 d5 4. Nf3 Nc6 5. c3 Nf6 6. Bd3 Bg4 7. O-O e6 8. Nbd2 Bd6 9. Be2 Bh5 10. Ne1 Bg6 11. Bd3 Rc8 12. f4 Bh5 13. Be2 Bxe2 14. Qxe2 Ne7 15. Ndf3 O-O 16. Ne5 Qb6 17. Nc2 Bxe5 18. fxe5 Ne4 19. Ne3 a6 20. Ng4 Ng6 21. Nf2 Nxf2 22. Rxf2 Qa7 23. Bg5 b5 24. a3 Qb7 25. Qg4 a5 26. h4 h6 27. Bd2 Kh7 28. h5 Ne7 29. Raf1 Nc6 30. Qf3 b4 31. axb4 axb4 32. Qd3+ Kh8 33. g4 bxc3 34. bxc3 Qe7 35. g5 hxg5 36. h6 g6 37. Rf6 Kh7 38. Bxg5 Qa7 39. R6f2 Rc7 40. Qf3 f5 41. exf6 Rcf7 42. Qe3 Nd8 43. Rg2 Rg8 44. Rb2 Qc7 45. Rg2 Qa7 46. Kh1 Qa6 47. Rfg1 Qa3 48. Qd3 Rc7 49. Bd2 Qf8 50. Rxg6 Rxg6 51. Qxg6+ Kh8 52. Qg7+ 1-0

[Event "Kragero Resort ELO 2024"]
[Site "Kragero"]
[Date "2024.02.25"]
[Round "9.17"]
[White "Nguyen, Tyson Quang Hy"]
[Black "Matysiak, Tommy"]
[Result "0-1"]
[ECO "A25"]
[WhiteElo "1267"]
[BlackElo "1312"]
[Annotator "NA RC"]
[PlyCount "46"]
[EventDate "2024.02.21"]
[EventType "swiss"]
[EventCountry "NOR"]
[SourceTitle "playchess.com"]
[Source "ChessBase"]
[SourceQuality "1"]
[TimeControl "5400+30"]

1. c4 e5 2. Nc3 Nc6 3. g3 f5 4. Bg2 Nf6 5. d3 Bb4 6. a3 Bxc3+ 7. bxc3 O-O 8. e3 d6 9. Ne2 Qe8 10. Qb3 Kh8 11. O-O Qh5 12. f3 g5 13. a4 e4 14. d4 exf3 15. Bxf3 Ng4 16. Bxg4 Qxg4 17. Qc2 b6 18. Qd3 Bb7 19. d5 Ne5 20. Qd4 Qxe2 21. Rd1 Kg8 22. Kh1 Nf3 23. Rd2 Qf1# 0-1

[Event "Kragero Resort ELO 2024"]
[Site "Kragero"]
[Date "2024.02.25"]
[Round "9.19"]
[White "Sorensen, Vidar Busch"]
[Black "Germiani, Yaro"]
[Result "1-0"]
[ECO "D15"]
[WhiteElo "1313"]
[BlackElo "1287"]
[Annotator "NA RC"]
[PlyCount "71"]
[EventDate "2024.02.21"]
[EventType "swiss"]
[EventCountry "NOR"]
[SourceTitle "playchess.com"]
[Source "ChessBase"]
[SourceQuality "1"]
[TimeControl "5400+30"]

1. d4 d5 2. c4 c6 3. a4 Nf6 4. e3 g6 5. Nc3 a6 6. Nf3 Bg7 7. b3 O-O 8. Bd3 Nbd7 9. O-O Re8 10. Ne5 e6 11. Bb2 Qc7 12. f4 c5 13. g4 Nxe5 14. fxe5 cxd4 15. exd4 Nd7 16. g5 dxc4 17. bxc4 b6 18. Rc1 Bb7 19. Be4 Bxe4 20. Nxe4 Red8 21. Qf3 Rf8 22. Ba3 Bxe5 23. dxe5 Nxe5 24. Qg3 Qb8 25. Bxf8 Kxf8 26. Qa3+ Kg8 27. Qd6 Qxd6 28. Nxd6 Nd3 29. Rc2 Nc5 30. Rcf2 Nxa4 31. Nxf7 Nc5 32. Nh6+ Kh8 33. Rf7 a5 34. Rd1 a4 35. Ng4 a3 36. Nf6 1-0

[Event "Kragero Resort ELO 2024"]
[Site "Kragero"]
[Date "2024.02.25"]
[Round "9.21"]
[White "Kristiansen, David"]
[Black "Halvorsen, Frode"]
[Result "1-0"]
[ECO "B21"]
[WhiteElo "1407"]
[BlackElo "1385"]
[Annotator "NA RC"]
[PlyCount "49"]
[EventDate "2024.02.21"]
[EventType "swiss"]
[EventCountry "NOR"]
[SourceTitle "playchess.com"]
[Source "ChessBase"]
[SourceQuality "1"]
[TimeControl "5400+30"]

1. e4 c5 2. d4 cxd4 3. c3 dxc3 4. Nxc3 Nc6 5. Nf3 d6 6. Bc4 h6 7. e5 e6 8. O-O d5 9. Bb5 a6 10. Ba4 b5 11. Bc2 Bc5 12. Bf4 Nge7 13. Rc1 Bb7 14. Qd2 Rc8 15. Rfd1 Ba7 16. a3 Rc7 17. Ne2 Qc8 18. Ng3 g5 19. Be3 Bxe3 20. Qxe3 Rf8 21. Nh5 Rh8 22. Nf6+ Kf8 23. Bb1 Ng8 24. Qc5+ Kg7 25. Nh5# 1-0

[Event "Kragero Resort ELO 2024"]
[Site "Kragero"]
[Date "2024.02.25"]
[Round "9.22"]
[White "Andersen, Lars Loberg"]
[Black "Robertsen, Nikolas"]
[Result "1-0"]
[ECO "C53"]
[WhiteElo "1429"]
[BlackElo "1236"]
[Annotator "NA RC"]
[PlyCount "63"]
[EventDate "2024.02.21"]
[EventType "swiss"]
[EventCountry "NOR"]
[SourceTitle "playchess.com"]
[Source "ChessBase"]
[SourceQuality "1"]
[TimeControl "5400+30"]

1. e4 e5 2. Nf3 Nc6 3. Bc4 Bc5 4. c3 Qf6 5. d4 exd4 6. Bg5 Qg6 7. O-O dxc3 8. Nxc3 d6 9. e5 h6 10. Bd3 Qh5 11. Bf4 Nd4 12. exd6 Nxf3+ 13. Qxf3 Qxf3 14. Rfe1+ Be6 15. gxf3 cxd6 16. Bb5+ Ke7 17. Nd5+ Kd8 18. Rac1 Rc8 19. b4 Bxb4 20. Rxc8+ Kxc8 21. Nxb4 Nf6 22. Bxd6 a6 23. Rc1+ Kd8 24. Bc4 Bxc4 25. Rxc4 Kd7 26. Rd4 Ke6 27. Bg3 Rc8 28. a4 g5 29. Rd6+ Kf5 30. Nd5 Rc1+ 31. Kg2 Rc6 32. Ne7# 1-0